AoeStats
← Changretta

MegaRandom

506161606Analyzed
4v4 RM · 19d ago on Sep 12, 2026· 19m 20s· 8 players
Game mode
Random Map
Map size
Large (8 player)
Population
200
Speed
Normal
Resources
Standard
Victory
Conquest
Starting age
Dark Age
Ending age
Imperial Age
RankedLock teamsTeams togetherTeam positionsShared explorationLock speedFull tech treeHidden civsTurbo modeCheats
Victory
Defeat
🇬🇦 Persians · Gabon
888
+12
846
+14
🇪🇸 Hindustanis · Spain
829
+14
🇨🇴 Khmer · Colombia
794
+16
🇫🇷 Burmese · France
921
-19
🇵🇪 Britons · Peru
778
-13
🇦🇷 Persians · Argentina
743
-12
🇦🇷 Celts · Argentina
738
-12
Pelanuski
0:40 Loom
10:39 Feudal Age
14:48 Castle Age
15:55 Double-Bit Axe
15:53 Horse Collar
17:07 Heavy Plow
18:58 Fletching
ElViejo_1981
8:58 Feudal Age
7:14 Loom
15:25 Castle Age
EclairMangue536
0:28 Loom
9:52 Feudal Age
16:06 Castle Age
13:59 Stone Mining
14:08 Horse Collar
14:30 Double-Bit Axe
14:54 Gold Mining
victor.rodrigo159753
11:10 Feudal Age
12:00 Horse Collar
14:58 Double-Bit Axe
16:44 Loom
17:36 Wheelbarrow
19:32 Castle Age
19:10 Wheelbarrow
l.zevallos
5:48 Loom
10:12 Feudal Age
11:01 Double-Bit Axe
11:00 Horse Collar
12:43 Wheelbarrow
20:56 Castle Age
Changretta
9:01 Loom
11:25 Feudal Age
12:27 Double-Bit Axe
14:23 Horse Collar
18:10 Wheelbarrow
StaDireQue
2:36 Loom
9:38 Feudal Age
12:11 Wheelbarrow
13:54 Scale Barding Armor
14:41 Forging
20:25 Castle Age
El Beto 912
11:41 Feudal Age
17:06 Wheelbarrow
Connection lost

Rejoining the realm…

Still unreachable

The connection could not be restored.

Session expired

The server has moved on; the page needs a fresh start.